AoeStats
← Natamoko

Black Forest

509928247Analyzed
2v2 RM · 4d ago on Sep 28, 2026· 37m 55s· 4 players
Game mode
Random Map
Map size
Medium (4 player)
Population
200
Speed
Normal
Resources
Standard
Victory
Conquest
Starting age
Dark Age
Ending age
Imperial Age
RankedLock teamsTeams togetherTeam positionsShared explorationLock speedFull tech treeHidden civsTurbo modeCheats
Victory
Defeat
🇪🇸 Franks · Spain
922
+16
🇪🇸 Spanish · Spain
905
+17
🇩🇪 Portuguese · Germany
930
-17
🇩🇪 Goths · Germany
929
-16
Natamoko
10:35 Loom
12:20 Feudal Age
13:33 Double-Bit Axe
13:53 Horse Collar
16:22 Castle Age
15:00 Fletching
17:57 Scale Barding Armor
18:24 Bow Saw
23:54 Wheelbarrow
27:15 Bloodlines
27:05 Husbandry
27:29 Chain Barding Armor
27:19 Forging
27:48 Heavy Plow
27:41 Gold Mining
28:47 Hand Cart
29:13 Town Watch
33:17 Imperial Age
33:59 Town Patrol
35:11 Plate Barding Armor
35:12 Iron Casting
34:32 Bodkin Arrow
34:38 Padded Archer Armor
34:02 Capped Ram
35:10 Supremacy
35:15 Conscription
34:44 Cavalier
36:17 Paladin
Dieguetón
6:34 Loom
12:35 Feudal Age
16:34 Castle Age
17:46 Double-Bit Axe
18:03 Town Watch
19:59 Bow Saw
19:56 Gold Mining
20:15 Caravan
20:45 Husbandry
21:02 Forging
22:41 Wheelbarrow
22:13 Town Patrol
22:11 Fletching
24:15 Hand Cart
31:13 Imperial Age
31:17 Cavalier
32:08 Chivalry
32:30 Conscription
33:17 Stone Mining
34:04 Gold Shaft Mining
34:12 Ballistics
35:01 Chemistry
34:22 Fortified Wall
36:52 Siege Engineers
36:47 Murder Holes
37:47 Masonry
37:19 Treadmill Crane
karkarott
1:05 Loom
12:14 Feudal Age
18:06 Castle Age
16:28 Double-Bit Axe
16:44 Horse Collar
17:38 Stone Mining
19:42 Heavy Plow
20:33 Town Watch
21:49 Gold Mining
24:10 Wheelbarrow
25:12 Hand Cart
27:07 Bow Saw
27:04 Caravan
28:08 Stone Shaft Mining
28:57 Town Patrol
32:43 Imperial Age
31:12 Murder Holes
31:37 Ballistics
31:33 Forging
31:14 Fletching
32:42 Iron Casting
33:33 Husbandry
33:43 Bloodlines
32:54 Cavalier
38:31 Chemistry
37:38 Siege Engineers
[GER] Felix
0:34 Loom
11:44 Feudal Age
16:50 Castle Age
15:04 Stone Mining
16:05 Double-Bit Axe
16:02 Horse Collar
22:41 Wheelbarrow
23:50 Fletching
30:05 Imperial Age
27:24 Town Watch
28:16 Gold Mining
28:39 Masonry
28:27 Murder Holes
29:04 Bow Saw
29:07 Scale Mail Armor
29:25 Forging
29:32 Heavy Plow
30:33 Stone Shaft Mining
32:23 Two-Man Saw
34:59 Chemistry
34:32 Architecture
34:39 Perfusion
35:02 Conscription
34:46 Anarchy
35:30 Squires
36:06 Elite Huskarl
37:04 Pikeman
Connection lost

Rejoining the realm…

Still unreachable

The connection could not be restored.

Session expired

The server has moved on; the page needs a fresh start.